 Dungeon Crawl Stone Soup version 0.18.1-50-g88ac8fd (webtiles) character file.

835 varam the Bolt Thrower (level 7, 61/61 HPs)
             Began as a Minotaur Hunter on Oct 22, 2016.
             Quit the game on level 5 of the Dungeon.
             The game lasted 00:11:58 (7172 turns).

varam the Bolt Thrower (Minotaur Hunter)            Turns: 7172, Time: 00:11:59

Health: 61/61      AC:  4    Str: 17      XL:     7   Next: 66%
Magic:  6/6        EV: 12    Int:  8      God:
Gold:   278        SH:  0    Dex: 11 (12) Spells: 0 memorised, 6 levels left

rFire  . . .     SeeInvis .     a - +0 whip (venom)
rCold  . . .     Gourm    .     c - +0 leather armour
rNeg   . . .     Faith    .     (no shield)
rPois  .         Spirit   .     (helmet restricted)
rElec  .         Dismiss  .     (no cloak)
rCorr  +         Reflect  .     (no gloves)
SustAt .         Harm     .     s - +0 pair of boots
MR     +....                    (no amulet)
Stlth  +.........               v - ring of protection from magic
                                q - ring of resist corrosion

@: somewhat resistant to hostile enchantments, very unstealthy
A: retaliatory headbutt, horns 2
a: no special abilities


You were on level 5 of the Dungeon.
You were hungry.

You visited 1 branch of the dungeon, and saw 5 of its levels.

You collected 278 gold pieces.

Inventory:

Hand Weapons
 a - a +0 whip of venom (weapon)
 b - a +0 short sword
 w - a +1 hand crossbow
 x - a +0 whip
Missiles
 d - 42 bolts
Armour
 c - a +0 leather armour (worn)
 s - a +0 pair of boots (worn)
 E - the +0 helmet of Axin {rF- rC+ Int+7 Slay+6, unknown}
   (You found it on level 5 of the Dungeon)

   It affects your intelligence (+7).
   It affects your accuracy and damage with ranged weapons and melee attacks
   (+6).
   It makes you vulnerable to fire.
   It protects you from cold.
Jewellery
 q - a ring of resist corrosion (left hand)
 v - a ring of protection from magic (right hand)
Wands
 n - a wand of digging (18/24)
Scrolls
 f - a scroll of recharging {unknown}
 g - 2 scrolls of identify {unknown}
 h - a scroll of remove curse {@r2}
 j - a scroll of amnesia {unknown}
 o - a scroll of teleportation {unknown}
 p - a scroll of immolation {unknown}
 y - a scroll of random uselessness {unknown}
 D - a scroll of fog {unknown}
Potions
 e - 4 potions of might {unknown}
 i - 2 potions of heal wounds {unknown}
 l - a potion of magic {unknown}
 m - a potion of haste {unknown}
 r - a potion of mutation {unknown}
 t - a potion of invisibility {unknown}
 u - a potion of curing {unknown}
 z - 2 potions of cure mutation {unknown}
 B - a potion of cancellation {unknown}
 C - 2 potions of flight {unknown}
Books
 A - a book of the Warp

   Spells                             Type                      Level
   a - Recall                         Summoning/Translocation      3
   b - Gell's Gravitas                Hexes/Translocation          3
   c - Force Lance                    Conjuration/Translocation    4
   d - Warp Weapon                    Charms/Translocation         5
   e - Summon Forest                  Summoning/Translocation      5
Comestibles
 k - 3 bread rations


   Skills:
 + Level 5.2 Fighting
 + Level 4.9 Maces & Flails
 - Level 6.3 Crossbows
 + Level 3.7 Dodging
 - Level 0.7 Stealth
 + Level 4.1 Unarmed Combat


You had 6 spell levels left.
You didn't know any spells.

Dungeon Overview and Level Annotations

Branches:
Dungeon (5/15)
 Temple: D:4-7

Altars:
Ashenzari
Ru
Vehumet
Yredelemnul

Shops:
D:4 :

Annotations:
D:4 Edmund


Innate Abilities, Weirdness & Mutations

You reflexively headbutt those who attack you in melee.
You have a pair of horns on your head.


Message History

You butcher the iguana corpse.
F - a chunk of flesh You see here an iguana skeleton.
You start resting.
Eating a chunk of flesh.
This raw flesh tastes terrible.
You continue eating. x2
HP restored.
You start waiting.
A giant gecko zombie is nearby!
The giant gecko zombie closely misses you.
You furiously retaliate!
You headbutt the giant gecko zombie!
You hit the giant gecko zombie but do no damage.
Your headbutt misses the giant gecko zombie.
The giant gecko zombie barely misses you.
You furiously retaliate!
You headbutt the giant gecko zombie.
You destroy the giant gecko zombie!
You are feeling hungry.
You now have 278 gold pieces (gained 11).
Done exploring.
Done exploring.
Are you sure you want to abandon this character and quit the game? (Confirm with "yes".)

##.##.#.# #...# #. ##.##.#.# #.###
#. ##.##.#.# #.# #.
().##.#.####.##### #.
##.##.#....).....# ############.
#......####.###.# #<...........
#..<...####.# #.# ##.##########.
#...........###.###...#########.
##......##......@....#...........
.................###...##.######.
###............### ##.###.# #.
##.#..####.##.# #.###.# #.
##.....####.##.######.##..######.
......................##....รท....
##>..#.......#.#########.########
##.########......# #.# #.#
###.##.# #.#


There were no monsters in sight!

Vanquished Creatures
  Eustachio (D:5)
  A centaur (D:5)
  A crocodile (D:5)
  2 scorpions
  A crimson imp (D:5)
  An orc priest (D:5)
  An orc wizard (D:5)
  A centaur skeleton (D:5)
  Natasha (thrice) (D:4)
  An iguana (D:5)
  5 adders
  6 gnolls
  4 oozes
  4 worms
  A dart slug (D:3)
  2 giant geckos
  4 orcs
  6 bats
  4 giant cockroaches
  11 goblins
  8 hobgoblins
  10 jackals
  3 quokkas
  A giant gecko zombie (D:5)
  5 giant newts
  3 kobolds (D:2)
  A quokka skeleton (D:5)
  7 rats
  A spectral orc (D:2)
99 creatures vanquished.

Vanquished Creatures (others)
  A giant gecko (D:3)
1 creature vanquished.

Grand Total: 100 creatures vanquished

Notes
Turn   | Place    | Note
--------------------------------------------------------------
     0 | D:1      | varam the Minotaur Hunter began the quest for the Orb.
     0 | D:1      | Reached XP level 1. HP: 18/18 MP: 0/0
   160 | D:1      | Reached XP level 2. HP: 25/25 MP: 1/1
   211 | D:1      | Reached skill level 5 in Crossbows
   699 | D:2      | Reached XP level 3. HP: 28/30 MP: 2/2
  1114 | D:2      | Reached skill level 6 in Crossbows
  1293 | D:2      | Reached XP level 4. HP: 34/37 MP: 3/3
  1371 | D:2      | Reached skill level 1 in Maces & Flails
  1784 | D:2      | Found a basalt altar of Yredelemnul.
  3254 | D:4      | Noticed Edmund
  3304 | D:3      | Reached XP level 5. HP: 42/42 MP: 4/4
  3336 | D:3      | Reached skill level 1 in Unarmed Combat
  3609 | D:3      | Found a radiant altar of Vehumet.
  3636 | D:4      | Noticed Natasha
  3643 | D:4      | Killed Natasha
  3680 | D:4      | Noticed a phantom
  3975 | D:4      | Noticed an ice beast
  4185 | D:4      | Noticed Natasha
  4194 | D:4      | Killed Natasha
  4237 | D:4      | Noticed Natasha
  4245 | D:4      | Killed Natasha
  4500 | D:4      | Reached XP level 6. HP: 51/51 MP: 5/5
  4518 | D:4      | Found Qanofri's Book Emporium.
  4741 | D:5      | Entered Level 5 of the Dungeon
  4878 | D:5      | Found a shattered altar of Ashenzari.
  4891 | D:5      | Noticed an ice beast
  6071 | D:5      | Reached XP level 7. HP: 36/60 MP: 6/6
  6382 | D:5      | Found a sacrificial altar of Ru.
  6526 | D:5      | Got an ichor-stained helmet
  6531 | D:5      | Noticed Eustachio
  6548 | D:5      | Killed Eustachio
  6548 | D:5      | Reached skill level 5 in Fighting
  7172 | D:5      | Quit the game

Skill      XL: |  1  2  3  4  5  6  7 |
---------------+----------------------+-----
Crossbows      | 5 6 |  6.3
Maces & Flails | 2 3 4 |  4.9
Unarmed Combat | 2 3 4 |  4.1
Fighting       | 3 4 5 |  5.2
Dodging        | 3 |  3.7
Stealth        | |  0.7

Action                   |  1- 3 |  4- 6 |  7- 9 || total
-------------------------+-------+-------+-------++-------
Melee: Short sword       |    34 |       |       ||    34
       Headbutt          |     6 |    40 |    10 ||    56
       Whip              |    14 |   197 |    59 ||   270
       Punch             |       |       |     1 ||     1
 Fire: Hand crossbow     |    12 |     2 |       ||    14
  Use: Scroll            |       |       |     1 ||     1
  Eat: Bread ration      |     1 |     1 |       ||     2
       Chunk             |       |     6 |     2 ||     8
       Royal jelly       |       |     1 |       ||     1
Armor: Leather armour    |     9 |    36 |    22 ||    67
Dodge: Dodged            |    30 |   135 |    51 ||   216
